 Dungeon Crawl Stone Soup version 0.20.0-15-g7f486f2 (webtiles) character file.

6997 KleinerIrrer the Nimble (level 11, -3/80 HPs)
             Began as an Octopode Gladiator on July 1, 2017.
             Killed from afar by a smoke demon (5 damage)
             ... with a ball of steam
             ... on level 2 of the Abyss.
             The game lasted 00:27:49 (9862 turns).

KleinerIrrer the Nimble (Octopode Gladiator)        Turns: 9862, Time: 00:27:51

Health: -3/80      AC: 10    Str: 21    XL:     11   Next: 8%
Magic:  0/11       EV: 27    Int: 11    God:
Gold:   0          SH:  7    Dex: 21    Spells: 10/10 levels left

rFire    + + .     SeeInvis .   u - +4 whip "Secret Weapon" {venom, Str+3}
rCold    x . .     Gourm    .   c - +1 buckler
rNeg     . . .     Faith    .   a - +2 hat
rPois    .         Spirit   +   h - amulet of guardian spirit
rElec    .         Reflect  .   g - +5 ring of protection
rCorr    .         Harm     .   y - ring of fire
MR       .....                  r - +4 ring of strength
Stlth    +++.......             (no ring)
Regen    0.3/turn               (no ring)
MPRegen  0.2/turn               (no ring)
                                (no ring)
                                (no ring)

@: agile, liquid flames, glowing
A: almost no armour, stealthy swim, amphibious, 8 rings, constrict 8, molten
scales 1, camouflage 1, fire resistance 1, gelatinous body 1
a: no special abilities


You were on level 2 of the Abyss.
You were hungry.

You visited 1 branch of the dungeon, and saw 10 of its levels.
You visited the Abyss 1 time.

Inventory:

Hand Weapons
 u - the +4 whip "Secret Weapon" (weapon) {venom, Str+3}
   (You found it on level 5 of the Dungeon)

   It poisons the flesh of those it strikes.
   It affects your strength (+3).
 C - a +3 dagger
 F - a cursed -3 dagger
Missiles
 b - 5 throwing nets (quivered)
Armour
 a - a +2 hat (worn)
 c - a +1 buckler (worn)
Magical Staves
 l - an uncursed staff of wizardry
Jewellery
 g - a +5 ring of protection (left tentacle)
 h - an amulet of guardian spirit (around mantle)
 r - a +4 ring of strength (on tentacle)
 y - a ring of fire (right tentacle)
Wands
 j - a wand of flame (39/48)
 k - a wand of random effects (25/48)
 p - a wand of flame (26/48)
 t - a wand of confusion (29/48)
 x - a wand of flame (16/48)
Scrolls
 m - 3 scrolls of remove curse
 q - 2 scrolls of recharging
Potions
 e - 2 potions of brilliance
 n - 2 potions of agility
 v - a potion of flight
 w - a potion of might {unknown}
 A - a potion of invisibility {unknown}
 D - a potion of curing {unknown}
Comestibles
 d - 2 bread rations
 f - 4 royal jellies
 i - 10 meat rations
 o - 11 fruits


   Skills:
 + Level 9.1 Fighting
 - Level 2.0 Throwing
 + Level 10.2 Dodging
 - Level 6.0 Stealth
 + Level 6.4 Shields
 + Level 7.3 Unarmed Combat


You had 10 spell levels left.
You didn't know any spells.

Dungeon Overview and Level Annotations

Branches:
Dungeon (10/15)            Temple (0/1) D:5
   Lair: D:8-11         Orc: D:9-12

Altars:
Ashenzari
Dithmenos
Elyvilon
Fedhas
Makhleb
Okawaru
Qazlal
Ru
Trog
Uskayaw
Vehumet
Xom
The Shining One

Shops:
D:5 [

Annotations:
D:9 Maurice
D:10 Sonja


Innate Abilities, Weirdness & Mutations

You cannot wear most types of armour.
You are very stealthy in the water. (Stealth+)
You are amphibious.
You can wear up to eight rings at the same time.
You can use your tentacles to constrict eight enemies at once.
Your skin changes colour to match your surroundings (Stealth+).
Your rubbery body absorbs attacks. (AC +1, EV +1)
You are partially covered in molten scales. (AC +2)
Your flesh is heat resistant. (rF+)


Message History

The smoke demon gestures at you. Something smites you!
The thrashing horror tramples you!
* * * LOW HITPOINT WARNING * * *
You hold your ground!
The thrashing horror closely misses you.
You are covered in liquid flames!
* * * LOW HITPOINT WARNING * * *
You feel agile all of a sudden.
You are covered in liquid flames!
* * * LOW HITPOINT WARNING * * *
The thrashing horror roars!
The thrashing horror completely misses you.
The thrashing horror tramples you but does no damage.
The wretched star glows turbulently.
The orb of energy hits you!
* * * LOW HITPOINT WARNING * * *
You block the white imp's attack. The smoke demon gestures at you.
The ball of steam hits the white imp.
The ball of steam hits you! You resist.
You die...

.. .#... .##.####..#
#. .#.##.#.3.......#
# . .####.####.###. .
.#.#.. #.## #.#... .
###...##### # .#..# #
#.#. .#...#X####5..#
. # . #.#..#3..#*.#
.. #_... ... ##5#...#
#.
.#........#.@.##...)#
. #...#...#...#.##
... .. #X.#.###..###
# # # .#..#. #.##
#..# .#### ## . #.##.
# .#. . # # ## .


You could see a wretched star, a thrashing horror, a smoke demon, an iron imp
and a white imp.

Vanquished Creatures
  2 two-headed ogres (D:9)
  The ghost of Sunburn the Ogre Mage, a novice OgFE (D:7)
  The ghost of KleinerIrrer the Ducker, a novice OpTm (D:6)
  Prince Ribbit (D:8)
  2 hippogriffs
  Sigmund (D:4)
  A wraith (D:7)
  3 hungry ghosts
  A yak (D:7)
  Duvessa (D:4)
  3 orc warriors
  A sky beast (D:8)
  4 black bears
  4 centaurs
  4 ogres
  4 bullfrogs
  A wyvern skeleton (D:7)
  A scorpion (D:6)
  Dowan (D:4)
  3 howler monkeys
  4 crimson imps
  A bullfrog zombie (D:9)
  A centaur zombie (D:9)
  A jelly (D:7)
  6 hounds
  A bullfrog skeleton (D:7)
  An orc priest (D:3)
  A gnoll shaman (D:7)
  7 orc wizards
  An iron imp (D:6)
  2 iguanas
  5 worker ants
  A hound zombie (D:5)
  3 hound skeletons
  2 howler monkey zombies
  18 gnolls
  10 adders
  3 shadow imps
  3 oozes
  2 adder zombies
  3 worms
  2 dart slugs
  4 leopard geckos
  35 orcs
  2 ball pythons
  4 bats
  6 giant cockroaches
  5 goblins
  16 hobgoblins
  5 jackals
  4 quokkas
  2 frilled lizards
  3 hobgoblin zombies (D:6)
  15 kobolds
  2 kobold skeletons (D:6)
  A kobold zombie (D:6)
  A leopard gecko skeleton (D:4)
  An orc skeleton (D:6)
  An orc zombie (D:6)
  8 rats
233 creatures vanquished.

Notes
Turn   | Place    | Note
-------+----------+-------------------------------------------
     0 | D:1      | KleinerIrrer the Octopode Gladiator began the quest for the Orb.
     0 | D:1      | Reached XP level 1. HP: 14/14 MP: 1/1
    63 | D:1      | Found a shattered altar of Ashenzari.
   110 | D:1      | Reached XP level 2. HP: 14/19 MP: 2/2
   469 | D:1      | Reached XP level 3. HP: 23/24 MP: 3/3
   969 | D:2      | Reached skill level 1 in Stealth
   995 | D:2      | Reached XP level 4. HP: 30/30 MP: 4/4
  1152 | D:2      | Found a shimmering altar of Xom.
  1685 | D:3      | Reached XP level 5. HP: 6/35 MP: 5/5
  2189 | D:3      | Reached XP level 6. HP: 32/40 MP: 6/6
  2193 | D:3      | Reached skill level 4 in Dodging
  2277 | D:3      | Found a burning altar of Makhleb.
  2795 | D:4      | Noticed Sigmund
  2801 | D:4      | Reached skill level 5 in Unarmed Combat
  2816 | D:4      | Killed Sigmund
  2816 | D:4      | Reached skill level 5 in Stealth
  2820 | D:4      | Reached XP level 7. HP: 23/45 MP: 7/7
  2968 | D:4      | Gained mutation: You are partially covered in molten scales. (AC +2) [potion of mutation]
  2968 | D:4      | Gained mutation: Your flesh is heat resistant. (rF+) [potion of mutation]
  3032 | D:4      | Noticed Dowan
  3041 | D:4      | Noticed Duvessa
  3045 | D:4      | Killed Dowan
  3054 | D:4      | Killed Duvessa
  3190 | D:4      | Found a radiant altar of Vehumet.
  3393 | D:4      | Found a stormy altar of Qazlal.
  3693 | D:5      | Entered Level 5 of the Dungeon
  4002 | D:5      | Reached XP level 8. HP: 52/52 MP: 8/8
  4084 | D:5      | Found a shadowy altar of Dithmenos.
  4106 | D:5      | Reached skill level 5 in Dodging
  4267 | D:5      | Found Paarunen's Armour Boutique.
  4271 | D:5      | Got a blackened whip
  4273 | D:5      | Identified the +4 whip "Secret Weapon" {venom, Str+3} (You found it on level 5 of the Dungeon)
  4576 | D:5      | Found a staircase to the Ecumenical Temple.
  4854 | D:5      | Identified a scroll of acquirement
  5088 | D:6      | Found a glowing golden altar of the Shining One.
  5094 | D:6      | Noticed KleinerIrrer's ghost (novice OpTm)
  5116 | D:6      | Killed KleinerIrrer's ghost
  5116 | D:6      | Reached skill level 5 in Fighting
  5116 | D:6      | Reached skill level 1 in Shields
  5364 | D:6      | Found an iron altar of Okawaru.
  5371 | D:6      | Reached skill level 6 in Dodging
  5375 | D:6      | Reached XP level 9. HP: 43/62 MP: 6/9
  6225 | D:7      | Reached skill level 7 in Dodging
  6484 | D:7      | Found a hide-covered altar of Uskayaw.
  6946 | D:7      | Reached skill level 8 in Dodging
  7011 | D:7      | Reached XP level 10. HP: 54/71 MP: 8/10
  7343 | D:7      | Noticed Sunburn's ghost (novice OgFE)
  7369 | D:7      | Killed Sunburn's ghost
  7612 | D:7      | Found a sacrificial altar of Ru.
  7876 | D:8      | Reached skill level 9 in Dodging
  7986 | D:8      | Noticed Prince Ribbit
  7994 | D:8      | Killed Prince Ribbit
  8231 | D:8      | Reached skill level 5 in Shields
  8435 | D:9      | Found a white marble altar of Elyvilon.
  8471 | D:9      | Found a bloodstained altar of Trog.
  8687 | D:9      | Noticed a two-headed ogre
  8697 | D:9      | Killed a two-headed ogre
  8858 | D:9      | Noticed Maurice
  8861 | D:9      | Paralysed by Maurice for 6 turns
  8868 | D:9      | Paralysed by something for 7 turns
  9056 | D:9      | Found a blossoming altar of Fedhas.
  9057 | D:9      | Noticed a two-headed ogre
  9068 | D:9      | Killed a two-headed ogre
  9068 | D:9      | Reached skill level 10 in Dodging
  9068 | D:9      | Reached XP level 11. HP: 44/80 MP: 4/11
  9635 | D:10     | Entered Level 10 of the Dungeon
  9637 | D:10     | Noticed Sonja
  9672 | D:10     | Cast into level 2 of the Abyss (Sonja)
  9806 | Abyss:2  | Noticed a starcursed mass
  9811 | Abyss:2  | Noticed a thrashing horror
  9811 | Abyss:2  | Found a corrupted altar of Lugonu.
  9812 | Abyss:2  | Noticed a thrashing horror
  9860 | Abyss:2  | Noticed a wretched star
  9862 | Abyss:2  | HP: 2/80 [wretched star/orb of energy (12)]
  9862 | Abyss:2  | Killed from afar by a smoke demon

Skill      XL: |  1  2  3  4  5  6  7  8  9 10 |
---------------+-------------------------------+-----
Stealth        | 1 2 4 5 6 |  6.0
Unarmed Combat | 4 5 6 7 |  7.3
Dodging        | 4 6 8 10 | 10.2
Fighting       | 3 5 7 9 |  9.1
Shields        | 1 3 6 |  6.4
Throwing       | |  2.0

Action                   |  1- 3 |  4- 6 |  7- 9 | 10-12 || total
-------------------------+-------+-------+-------+-------++-------
Melee: Unarmed           |    62 |    80 |       |       ||   142
       Constrict         |    13 |    33 |    69 |    20 ||   135
       Tentacles         |     9 |    27 |    78 |    48 ||   162
       Punch             |     2 |     1 |    12 |    17 ||    32
       Short sword       |       |    30 |    77 |       ||   107
       Whip              |       |       |   211 |   172 ||   383
  Use: Potion            |       |     2 |     3 |     3 ||     8
       Scroll            |       |       |    19 |     2 ||    21
 Stab: Sleeping          |     8 |     5 |    27 |     8 ||    48
       Distracted        |       |     1 |       |     1 ||     2
  Eat: Chunk             |       |     6 |    12 |    12 ||    30
       Bread ration      |       |       |     3 |       ||     3
Armor: Skin              |     4 |     5 |    73 |    38 ||   120
Dodge: Dodged            |    49 |    68 |   186 |   144 ||   447
Block: Buckler           |       |       |    51 |    59 ||   110
